 Dungeon Crawl Stone Soup version 0.30-a0-779-g7971cf19c3 (webtiles) character file.

Game seed: 15541612721677047879

23 Smoke131 the Sneak (level 2, -1/15 HPs)
             Began as a Vampire Enchanter on Feb 18, 2023.
             Slain by an adder (2 damage)
             ... on level 2 of the Dungeon.
             The game lasted 00:02:48 (977 turns).

Smoke131 the Sneak (Vampire Enchanter)               Turns: 977, Time: 00:02:48

Health: -1/15      AC:  3    Str:  7    XL:     2   Next: 72%
Magic:  0/5        EV: 12    Int: 17    God:
Gold:   96         SH:  0    Dex: 14    Spells: 3/5 levels left

rFire   . . .      SeeInvis +    a - +1 dagger
rCold   + + .      Faith    .    (no shield)
rNeg    + + +      Spirit   .    b - +0 robe
rPois   ∞          Reflect  .    (no helmet)
rElec   .          Harm     .    (no cloak)
rCorr   .          Rampage  .    (no gloves)
Will    .....                    o - +0 pair of boots
Stlth   +++++                    (no amulet)
HPRegen 0.00/turn                (no ring)
MPRegen 0.09/turn                (no ring)

@: very slightly contaminated, bloodless, inhibited regen, invisible
A: bloodless, fangs 3, see invisible, vampiric 1
a: Revivify


You were on level 2 of the Dungeon.
You visited 1 branch of the dungeon, and saw 2 of its levels.

You collected 96 gold pieces.

Inventory:

Hand Weapons
 a - a +1 dagger (weapon)
Missiles
 n - a throwing net (quivered)
Armour
 b - a +0 robe (worn)
 o - a +0 pair of boots (worn)
Scrolls
 d - 2 scrolls of identify {unknown}
 e - 3 scrolls of magic mapping {unknown}
 f - 4 scrolls of enchant armour {unknown}
 g - a scroll of amnesia {unknown}
 h - 2 scrolls of fog {unknown}
 i - a scroll of teleportation {unknown}
 k - 2 scrolls of vulnerability {unknown}
Potions
 c - a potion of invisibility
 j - 3 potions of might {unknown}
 l - a potion of flight {unknown}
 m - a potion of attraction {unknown}
 p - a potion of heal wounds {unknown}


   Skills:
 + Level 1.6 Short Blades
 + Level 2.5 Dodging
 + Level 4.8 Stealth
 + Level 2.2 Spellcasting
 + Level 4.7 Hexes


You had 3 spell levels left.
You knew the following spells:

 Your Spells              Type           Power      Damage    Failure   Level
a - Ensorcelled Hibernat  Hex/Ice        18%        N/A       11%         2

Your spell library contained the following spells:

 Spells                   Type           Power      Damage    Failure   Level
 Confusing Touch          Hex            18%        N/A       9%          3
 Tukima's Dance           Hex            18%        N/A       9%          3
 Dazzling Flash           Conj/Hex       18%        N/A       22%         3


Dungeon Overview and Level Annotations

Branches:
Dungeon (2/15)

Altars:
Yredelemnul


Innate Abilities, Weirdness & Mutations

You do not regenerate when monsters are visible.
You are frail without blood (-20% HP).
You can heal yourself when you bite living creatures.
You are immune to poison.
You have razor-sharp teeth.
You have supernaturally acute eyesight. (SInv)
You are afflicted with vampirism.


Message History

The adder attacks as you move away! The adder bites you.
The adder barely misses you. The adder barely misses you.
The adder attacks as you move away! The adder misses you.
Casting: Ensorcelled Hibernation (safe; 11% risk of failure)
Confirm with . or Enter, or press ? or * to list all spells.
Aiming: Ensorcelled Hibernation (safe; 11% risk of failure)
Press: ? - help, Shift-Dir - straight line, f/p - adder
Aim: an adder (chance to affect: 51%)
The adder resists with significant effort.
The adder closely misses you. The adder barely misses you.
The adder attacks as you move away! The adder closely misses you.
The adder bites you.
* * * LOW HITPOINT WARNING * * *
The adder barely misses you. The adder attacks as you move away!
The adder barely misses you. The adder bites you.
* * * LOW HITPOINT WARNING * * *
The adder attacks as you move away! The adder bites you but does no damage.
The adder bites you but does no damage. The adder bites you but does no damage.
The adder attacks as you move away! The adder misses you.
The adder attacks as you move away! The adder bites you but does no damage.
The adder barely misses you.
Casting: Ensorcelled Hibernation (safe; 11% risk of failure)
Confirm with . or Enter, or press ? or * to list all spells.
Aiming: Ensorcelled Hibernation (safe; 11% risk of failure)
Press: ? - help, Shift-Dir - straight line, f/p - adder
Aim: an adder (chance to affect: 51%)
You miscast Ensorcelled Hibernation.
You are very lightly contaminated with residual magic.
Nothing appears to happen.
The adder barely misses you. x2
The adder attacks as you move away! The adder bites you but does no damage.
The adder attacks as you move away! The adder misses you.
The adder closely misses you. The adder attacks as you move away!
The adder bites you.
* * * LOW HITPOINT WARNING * * *
You fade into invisibility!
The adder bites you.
You die...

#.#.##..........#
#.#........##.#.##
+.......<........#
#.#........##.####
#.#.........#.# #.#...).......#
## #.#........†..# .#
#.#...S...#.#.#
.###########.#.#@###.#.#.#
........................>########
.............#.###.#.#.#.........
.........#####.# #.#.#.#.########
..######...# #.# #.#.#(#.#
+##........# #.# #.#...#.#
#...)....# #.# #.#####.#
+##........# #.# #.# #.#
...........# #.# #.# #.#


You could see an adder (unable to see you).

Vanquished Creatures
  2 endoplasms (D:2)
  A giant cockroach (D:1)
  2 goblins (D:1)
  3 hobgoblins
  A jackal (D:1)
  A kobold (D:2)
  3 quokkas (D:2)
  3 ball pythons (D:1)
  2 frilled lizards
  2 rats
20 creatures vanquished.

Vanquished Creatures (others)
  29 plants (D:2)
29 creatures vanquished.

Grand Total: 49 creatures vanquished

Notes
Turn   | Place    | Note
-------+----------+-------------------------------------------
     0 | D:1      | Smoke131 the Vampire Enchanter began the quest for the Orb.
     0 | D:1      | Reached XP level 1. HP: 13/13 MP: 3/3
   358 | D:1      | Reached XP level 2. HP: 15/15 MP: 5/5
   884 | D:2      | Learned a level 2 spell: Ensorcelled Hibernation
   906 | D:2      | Found a basalt altar of Yredelemnul.
   977 | D:2      | Slain by an adder

Illustrated notes

Levels and vault maps discovered:
D:1:      dpeg_arrival_short_road, layout_loops_ring, minmay_tetromino_o2
D:2:      wad_woods_stonehenge, layout_basic, minmay_misc_feat_room,
          minmay_liquid_box, uniq_terence

Action                     || total
---------------------------++-------
  Melee: Dagger            ||    46
   Cast: Ensorcelled Hiber ||     3
Ability: Exsanguinate      ||     1
    Use: Potion            ||     1
   Stab: Sleeping          ||     9
 Armour: Robe              ||    16
  Dodge: Dodged            ||    49

Table legend: (Time is in decaauts)
 A = Elapsed time spent in this place.
 B = Non-inter-level travel time spent in this place.
 C = Inter-level travel time spent in this place.
 D = Time resting spent in this place.
 E = Time spent auto-exploring this place.
 F = Levels seen in this place.
 G = Mean time per level.
                   A        B        C        D        E       F      G
               +--------+--------+--------+--------+--------+-----+--------+
         Total |    974 |    919 |     55 |      0 |    622 |   2 |  487.0 |
       Dungeon |    974 |    919 |     55 |      0 |    622 |   2 |  487.0 |
               +--------+--------+--------+--------+--------+-----+--------+

Top non-repeatable levels by time:
     D:1: 697 daAuts
     D:2: 277 daAuts
